 Dungeon Crawl Stone Soup version 0.27.1-33-g824d729ab1 (webtiles) character file.

Game seed: 13051563347889189219

28606 LLlMATKO the Fighter (level 13, -2/116 HPs)
             Began as a Minotaur Berserker on Dec 31, 2021.
             Was a High Priest of Trog.
             Succumbed to a meliai's poison
             ... on level 12 of the Dungeon.
             The game lasted 00:31:19 (19927 turns).

LLlMATKO the Fighter (Minotaur Berserker)          Turns: 19927, Time: 00:31:19

Health: -2/116     AC: 15    Str: 34    XL:     13   Next: 10%
Magic:  12/12      EV: 10    Int:  4    God:    Trog [*****.]
Gold:   748        SH: 22    Dex: 15    Spells: 12/12 levels left

rFire    . . .     SeeInvis .   t - +3 whip (elec)
rCold    . . .     Faith    .   E - +2 tower shield
rNeg     . . .     Spirit   .   y - +0 plate armour
rPois    .         Reflect  .   (helmet restricted)
rElec    .         Harm     .   (no cloak)
rCorr    .         Rampage  .   (no gloves)
Will     .....                  (no boots)
Stlth    ..........             (no amulet)
HPRegen  0.29/turn              m - +6 ring of strength
MPRegen  0.13/turn              D - +6 ring of strength

@: lethally poisoned (-2 -> -19), on berserk cooldown, slowed, very slow
A: horns 2, retaliatory headbutt
a: Renounce Religion, Berserk, Trog's Hand, Brothers in Arms


You were on level 12 of the Dungeon.
You worshipped Trog.
Trog was extremely pleased with you.
You visited 1 branch of the dungeon, and saw 12 of its levels.
You visited 2 bazaars.

You collected 904 gold pieces.
You spent 156 gold pieces at shops.

Inventory:

Hand Weapons
 c - a +2 war axe of electrocution
 g - a +8 antimagic mace
 h - a +8 hand crossbow of freezing
 t - a +3 whip of electrocution (weapon)
 w - a +0 hand axe of flaming
Missiles
 a - 3 curare-tipped darts
 u - 36 poisoned darts (quivered)
 v - 14 boomerangs
 x - 6 throwing nets
 A - 78 bolts
Armour
 y - a +0 plate armour (worn)
 E - a +2 tower shield (worn)
Jewellery
 b - a ring of flight
 i - a ring of ice
 m - a +6 ring of strength (left hand)
 D - a +6 ring of strength (right hand)
 F - a ring of fire
Wands
 o - a wand of digging (5)
 q - a wand of mindburst (34)
 G - a wand of flame (16)
Scrolls
 d - 2 scrolls of identify
 f - 2 scrolls of enchant weapon
 l - a scroll of magic mapping
 J - a scroll of fog
Potions
 e - 5 potions of curing
 j - 2 potions of flight
 k - 2 potions of heal wounds
 n - a potion of haste {unknown}
 s - 3 potions of might
 z - 2 potions of berserk rage {unknown}
 B - 2 potions of brilliance {unknown}
 C - a potion of magic {unknown}


   Skills:
 + Level 11.6 Fighting
 + Level 11.5 Maces & Flails
 + Level 9.8 Crossbows
 + Level 11.2 Armour
 + Level 10.5 Dodging
 + Level 10.8 Shields


You had 12 spell levels left.
You didn't know any spells.
Your spell library was empty.

Dungeon Overview and Level Annotations

Branches:
Dungeon (12/15)            Temple (0/1) D:5            Lair (0/6) D:11
    Orc (0/2) D:10

Altars:
Cheibriados
Fedhas
Nemelex Xobeh
Sif Muna
Uskayaw
Vehumet
Wu Jian
Xom
Yredelemnul

Shops:
D:3 !   D:6 *

Annotations:
D:8 3 runed translucent doors, diceflayer's ghost, novice MiFi
D:10 1 runed translucent door
D:12 1 runed translucent door, LLlMATKO's ghost, journeyman MiBe


Innate Abilities, Weirdness & Mutations

You have a pair of horns on your head.
You reflexively headbutt those who attack you in melee.


Message History

Something smites you!
* * * LOW HITPOINT WARNING * * *
You whack the meliai! Your headbutt misses the meliai.
The meliai is severely wounded.
You feel sick. You block the meliai's attack. The meliai stings you.
* * * LOW HITPOINT WARNING * * *
You are lethally poisoned!
The meliai poisons you! You block the killer bee's attack. x2
The meliai invokes the aid of its god against you.
Something smites you!
* * * LOW HITPOINT WARNING * * *
You are too berserk!
You are too berserk!
You barely miss the meliai. Your headbutt misses the meliai.
The meliai is severely wounded.
* * * LOW HITPOINT WARNING * * *
You feel very sick.
A killer bee comes into view.
You block the meliai's attack. x2; You block the killer bee's attack.
The killer bee stings you but does no damage.
You block the meliai's attack.
The meliai stings you but does no damage.
* * * LOW HITPOINT WARNING * * *
You feel very sick.
The killer bee buzzes angrily.
You hear an angry buzzing noise.
A killer bee comes into view.
You block the killer bee's attack. You block the meliai's attack. x2
You feel a strong urge to attack something.
* * * LOW HITPOINT WARNING * * *
You feel very sick.
The vampire gestures wildly while chanting.
The vampire flickers and vanishes!
Deactivating autopickup; reactivate with Ctrl-A.
* * * LOW HITPOINT WARNING * * *
You feel very sick.
You are too berserk!
You feel your anger nearly subside.
You are no longer berserk.
You are exhausted.
You feel yourself slow down.
You die...

.....#..#.[[.##,##..).#,**,,,**,*
.....#..#.)...#*#...†.#**,,,,,***
.#####..#.....# #..#y.# *,,*,,*
.'......#.....###.†{†.#**,,,,,*
.#......##....#.#.y...#,*,,,,**
)######.###.#....y#.#.....*,*****
......#.#####...yy###.....#****,*
......#..## #..#..# *..[..# **,,*
......#...###...@.#**.....#**,,,*
...####....###....#,*#...##*,,,,*
...#.......####.#...,,*.##**,,,,*
...'........#*###.....*****,,,,,*
...#.#####...#* #.....# **,,,,,,*
.).#.# *....#**.....# *,,,,,,,*
.<.#.# *.....**#...##**,,,*****
####.# *,....***#..#**,,,,*
.....# *,,...,*******,,,,,*


You could see a meliai and 3 killer bees.

Vanquished Creatures
  A stone giant (D:12)
  Josephine (D:10)
  2 boulder beetles
  A hydra (D:12)
  An ogre mage (D:10)
  5 two-headed ogres
  3 death yaks (D:11)
  Pikel (D:7)
  A deep elf pyromancer (D:12)
  An orc knight (D:12)
  3 cyclopes
  A wolf spider (D:10)
  An ugly thing (D:10)
  A manticore (D:10)
  3 kobold demonologists
  An unseen horror (D:10)
  4 meliai (D:12)
  3 trolls
  Prince Ribbit (D:9)
  2 slime creatures
  2 wyverns
  6 wraiths
  4 shadows
  20 yaks
  2 basilisks
  2 steam dragons
  A vampire mosquito (D:12)
  An acid dragon (D:11)
  5 water moccasins
  2 orc warriors
  4 sky beasts
  3 ogres
  A wolf (D:6)
  2 centaurs (D:9)
  A lemure (D:7)
  3 bullfrogs (D:8)
  9 kobold brigands
  3 gnoll sergeants
  A scorpion (D:5)
  A wyvern zombie (D:6)
  A wyvern skeleton (D:7)
  A water moccasin skeleton (D:5)
  30 killer bees
  10 wights
  2 howler monkeys
  An electric eel (D:6)
  A bullfrog zombie (D:5)
  6 centaur zombies
  4 hounds
  2 jellies (D:8)
  2 centaur skeletons (D:7)
  5 orc priests
  A bullfrog skeleton (D:5)
  5 gnoll shamans
  2 iguanas
  14 orc wizards
  2 hell rats (D:11)
  A killer bee zombie (D:9)
  A hound zombie (D:5)
  2 howler monkey zombies (D:10)
  36 gnolls
  4 adders
  11 river rats
  A white imp (D:8)
  3 ufetubi
  A worm (D:5)
  A dart slug (D:10)
  34 orcs
  2 bats
  5 endoplasms
  4 giant cockroaches
  3 goblins
  5 hobgoblins
  9 jackals
  20 kobolds
  11 quokkas
  6 ball pythons
  3 frilled lizards
  14 rats
376 creatures vanquished.

Notes
Turn   | Place    | Note
-------+----------+-------------------------------------------
     0 | D:1      | LLlMATKO the Minotaur Berserker began the quest for the
                  | Orb.
     0 | D:1      | Reached XP level 1. HP: 19/19 MP: 0/0
   328 | D:1      | Reached XP level 2. HP: 27/27 MP: 1/1
  1127 | D:2      | Reached XP level 3. HP: 19/33 MP: 2/2
  1944 | D:2      | Found a faded altar of an unknown god.
  2816 | D:3      | Reached ** piety under Trog
  2905 | D:3      | Found Fyreat's Distillery.
  2910 | D:3      | Reached XP level 4. HP: 33/40 MP: 3/3
  3242 | D:3      | Reached skill level 1 in Shields
  3291 | D:3      | Found an ornate altar of the Wu Jian Council.
  3314 | D:3      | Reached XP level 5. HP: 16/47 MP: 4/4
  3591 | D:3      | HP: 2/70 [orc (2)]
  4837 | D:4      | Reached skill level 1 in Crossbows
  4837 | D:4      | Reached XP level 6. HP: 55/55 MP: 5/5
  5113 | D:4      | Reached skill level 5 in Fighting
  5113 | D:4      | Reached skill level 5 in Maces & Flails
  5349 | D:5      | Entered Level 5 of the Dungeon
  5349 | D:5      | Found a staircase to the Ecumenical Temple.
  5385 | D:5      | Reached *** piety under Trog
  5770 | D:5      | Reached XP level 7. HP: 61/61 MP: 6/6
  6419 | D:5      | Reached skill level 5 in Armour
  6736 | D:5      | Reached XP level 8. HP: 70/70 MP: 7/7
  6880 | D:5      | Reached **** piety under Trog
  6957 | D:5      | Reached skill level 5 in Dodging
  7560 | D:6      | Found a blossoming altar of Fedhas.
  7976 | D:6      | Reached skill level 5 in Shields
  8438 | D:6      | Reached XP level 9. HP: 41/79 MP: 8/8
  8764 | D:6      | Found Qov Neul's General Store.
  8879 | D:6      | Found a shimmering blue altar of Sif Muna.
  9326 | D:7      | Reached ***** piety under Trog
  9772 | D:7      | Reached skill level 5 in Crossbows
 10037 | D:7      | Noticed Pikel
 10049 | D:7      | Killed Pikel
 10834 | D:8      | Reached XP level 10. HP: 88/89 MP: 9/9
 10983 | D:8      | Noticed a two-headed ogre
 11157 | D:8      | Found a sparkling altar of Nemelex Xobeh.
 11157 | D:8      | Found a hide-covered altar of Uskayaw.
 11162 | D:8      | Found a basalt altar of Yredelemnul.
 11505 | D:8      | Received a gift from Trog
 11586 | D:8      | Found a runed translucent gate.
 11586 | D:8      | Found a runed translucent gate.
 11586 | D:8      | Found a runed translucent gate.
 11588 | D:8      | Noticed diceflayer's ghost (novice MiFi)
 11895 | D:8      | Killed a two-headed ogre
 12481 | D:8      | Found a basalt altar of Yredelemnul.
 12486 | D:8      | Found a hide-covered altar of Uskayaw.
 12486 | D:8      | Found a sparkling altar of Nemelex Xobeh.
 12608 | D:8      | Found a runed translucent gate.
 12608 | D:8      | Found a runed translucent gate.
 12608 | D:8      | Found a runed translucent gate.
 13011 | D:9      | Found a radiant altar of Vehumet.
 13110 | D:9      | Noticed Prince Ribbit
 13118 | D:9      | Killed Prince Ribbit
 13717 | D:9      | Reached XP level 11. HP: 94/97 MP: 10/10
 14102 | D:10     | Entered Level 10 of the Dungeon
 14152 | D:10     | Noticed a centaur warrior
 14152 | D:10     | Noticed a two-headed ogre
 14152 | D:10     | Noticed a two-headed ogre
 14152 | D:10     | Noticed a two-headed ogre
 14159 | D:9      | Killed a two-headed ogre
 14250 | D:10     | Found a runed translucent door.
 14728 | D:10     | Noticed a white ugly thing
 14729 | D:10     | Noticed an ogre mage
 14737 | D:10     | Killed a white ugly thing
 14741 | D:10     | Reached skill level 10 in Fighting
 14743 | D:10     | Paralysed by something for 2 turns
 14748 | D:10     | Killed an ogre mage
 14754 | D:10     | Noticed a boulder beetle
 14754 | D:10     | Noticed a wolf spider
 14793 | D:10     | Noticed Josephine
 14809 | D:10     | Found a runed translucent door.
 15057 | D:10     | Noticed a two-headed ogre
 15063 | D:10     | Killed a two-headed ogre
 15176 | D:10     | Reached skill level 10 in Maces & Flails
 15192 | D:10     | Killed a wolf spider
 15346 | D:10     | Killed a boulder beetle
 15654 | D:10     | Found a staircase to the Orcish Mines.
 15782 | D:10     | Killed Josephine
 15783 | D:10     | Reached skill level 10 in Armour
 15783 | D:10     | Reached XP level 12. HP: 97/107 MP: 11/11
 15850 | D:10     | Found a snail-covered altar of Cheibriados.
 16028 | D:11     | Received a gift from Trog
 16043 | D:11     | Found a flickering gateway to a bazaar.
 16054 | Bazaar   | Entered a bazaar
 16054 | Bazaar   | Found Ahaetol's Antique Armour Boutique.
 16054 | Bazaar   | Found Ykhliarups's Antique Weapon Shop.
 16054 | Bazaar   | Found Nufoonus's Armour Shop.
 16128 | Bazaar   | Identified the +5 ring mail of the Kangaroo {Will+ Dex+2}
 16403 | D:10     | Found a snail-covered altar of Cheibriados.
 16500 | D:10     | Found a runed translucent door.
 16634 | D:10     | Found a staircase to the Orcish Mines.
 16873 | D:11     | Noticed a death yak
 16876 | D:11     | Noticed a death yak
 16882 | D:11     | Noticed a death yak
 16884 | D:11     | Killed a death yak
 16888 | D:11     | Killed a death yak
 16892 | D:11     | Killed a death yak
 17144 | D:11     | Found a staircase to the Lair.
 17218 | D:11     | Reached skill level 10 in Shields
 18264 | D:11     | Found a staircase to the Lair.
 18398 | D:12     | Noticed a two-headed ogre
 18405 | D:12     | Killed a two-headed ogre
 18406 | D:12     | Reached skill level 10 in Dodging
 18423 | D:12     | Found a flickering gateway to a bazaar.
 18430 | Bazaar   | Entered a bazaar
 18430 | Bazaar   | Found Hyfyja's Assorted Antiques.
 18448 | Bazaar   | Found Ygewkeex's Antique Weapon Emporium.
 18461 | Bazaar   | Found Omeligg's Assorted Antiques.
 18500 | Bazaar   | Found Vunwumagu's Book Emporium.
 18531 | Bazaar   | Bought a runed hand crossbow for 156 gold pieces
 18564 | D:12     | Found a runed translucent door.
 18564 | D:12     | Found a shimmering altar of Xom.
 18564 | D:12     | Noticed LLlMATKO's ghost (journeyman MiBe)
 18575 | D:12     | Noticed a boulder beetle
 18592 | D:12     | Killed a boulder beetle
 18690 | D:12     | Noticed a seven-headed hydra
 18695 | D:12     | Killed a seven-headed hydra
 19068 | D:12     | Noticed a two-headed ogre
 19080 | D:12     | Killed a two-headed ogre
 19475 | D:12     | Reached XP level 13. HP: 111/116 MP: 12/12
 19528 | D:12     | Received a gift from Trog
 19905 | D:12     | Noticed a stone giant
 19921 | D:12     | Killed a stone giant
 19924 | D:12     | HP: 8/174 [poisoned by a meliai]
 19926 | D:12     | HP: 1/174 [poisoned by a meliai]
 19927 | D:12     | Succumbed to a meliai's poison

Illustrated notes

Levels and vault maps discovered:
D:1:      evilmike_arrival_rings, layout_loops_ring, hangedman_decor_lopped,
          nrook_mini_vaults, minmay_tetromino_i4
D:2:      layout_basic, shapermc_ecumenical_altar_hornbeckon, grunt_ministairs_9
D:3:      layout_loops_cross, lemuel_tele_altar, serial_shops, shop_statue
D:4:      layout_cave_pods
D:5:      lemuel_ratsnest, layout_loops_cross, minmay_temple_entry_mist,
          kennysheep_flooded_box, minivault_5
D:6:      layout_cave_pools, mainiacjoe_overflow_surrounded_room,
          lemuel_blue_sif_altar, serial_gnoll_camp, gnoll_camp_mini_house,
          gnoll_camp_mini_shop, gnoll_camp_mini_hut, gnoll_camp_huts_moat,
          bh_walls_and_bars
D:7:      layout_basic, nicolae_benzene_ring, chequers_serial_rivers_micro_c,
          uniq_pikel
D:8:      minmay_four_partial_circles, layout_basic, grunt_temple_overflow_open,
          ebering_ghost_rock_garden, grunt_tough_drop
D:9:      layout_stronghold, nicolae_overflow_crystal_walls, uniq_prince_ribbit1
D:10:     minmay_the_grid_triangle_9x9_rhombus_thin
          [minmay_the_grid_triangle_9x9_from_above,
          minmay_the_grid_triangle_9x9_prize_center,
          minmay_the_grid_triangle_9x9_swiss_cheese,
          minmay_the_grid_triangle_9x9_limited_checkers], layout_long_grid,
          kennysheep_slug_shrine, minmay_st_funbox, feat_on_display,
          uniq_josephine
D:11:     layout_small_grid, dpeg_lair_monsters, serial_shops, bzr_entry_water
D:12:     regret_index_combs_of_tragedy, layout_irregular_city, serial_shops,
          bzr_entry_lakeside, ebering_ghost_xom, small_chamber_with_monster,
          minivault_5

Skill      XL: |  1  2  3  4  5  6  7  8  9 10 11 12 |
---------------+-------------------------------------+-----
Maces & Flails | 4 5 6 7 9 10 11 | 11.5
Fighting       | 4 5 6 7 8 9 10 11 | 11.6
Armour         | 3 4 5 6 7 8 10 11 | 11.2
Dodging        | 3 4 5 6 8 9 10 | 10.5
Shields        | 1 2 3 4 5 6 8 9 10 | 10.8
Crossbows      | 1 2 4 5 6 8 9 |  9.8

Action                   |  1- 3 |  4- 6 |  7- 9 | 10-12 | 13-15 || total
-------------------------+-------+-------+-------+-------+-------++-------
Melee: Mace              |    74 |     6 |       |    10 |       ||    90
       Headbutt          |     8 |    21 |    43 |   164 |     7 ||   243
       Flail             |       |   112 |       |       |       ||   112
       Whip              |       |     8 |   207 |   430 |    38 ||   683
       War axe           |       |       |       |    22 |       ||    22
 Fire: Hand crossbow     |       |       |   168 |    57 |     7 ||   232
Throw: Boomerang         |       |       |     1 |     8 |       ||     9
       Dart              |       |       |       |    10 |       ||    10
Invok: Berserk           |     2 |     5 |     2 |    12 |     1 ||    22
  Use: Scroll            |       |       |       |    18 |       ||    18
Armor: Animal skin       |    11 |     5 |       |       |       ||    16
       Chain mail        |       |    24 |    92 |       |       ||   116
       Plate armour      |       |       |     8 |   123 |    19 ||   150
Dodge: Dodged            |    47 |    51 |    58 |    88 |    10 ||   254
Block: Kite shield       |    16 |    64 |   127 |     5 |       ||   212
       Tower shield      |       |       |       |   457 |    67 ||   524
